 Dungeon Crawl Stone Soup version 0.23-a0-296-ga3b1b28 (webtiles) character file.

273 iamserjio the Sneak (level 6, 0/54 HPs)
             Began as an Octopode Enchanter on Oct 5, 2018.
             Succumbed to an orc wizard's poison
             ... on level 3 of the Dungeon.
             The game lasted 00:07:36 (810 turns).

iamserjio the Sneak (Octopode Enchanter)             Turns: 810, Time: 00:07:38

Health: 0/54       AC:  1    Str: 13    XL:     6   Next: 24%
Magic:  9/9        EV: 13    Int: 19    God:
Gold:   131        SH:  0    Dex: 12    Spells: 3/9 levels left

rFire    . . .     SeeInvis .   a - +1 dagger
rCold    . . .     Gourm    .   (no shield)
rNeg     + . .     Faith    .   (helmet restricted)
rPois    .         Spirit   .   (no amulet)
rElec    .         Reflect  .   (no ring)
rCorr    .         Harm     .   k - ring of positive energy
MR       .....                  (no ring)
Stlth    ..........             (no ring)
HPRegen  0.18/turn              (no ring)
MPRegen  0.11/turn              (no ring)
                                (no ring)
                                (no ring)

@: berserking (expiring), lethally poisoned (0 -> -22), flying, very slightly
contaminated, invisible, very quick
A: almost no armour, stealthy swim, amphibious, 8 rings, constrict 8, camouflage
1, gelatinous body 1
a: no special abilities


You were on level 3 of the Dungeon.
You were hungry.

You visited 1 branch of the dungeon, and saw 3 of its levels.

You collected 131 gold pieces.

Inventory:

Hand Weapons
 a - a +1 dagger (weapon)
Missiles
 e - 5 silver tomahawks (quivered)
 n - 24 arrows
Armour
 q - a +0 buckler of poison resistance
Jewellery
 i - an uncursed ring of fire
 k - a ring of positive energy (right tentacle)
Wands
 r - a wand of digging (16)
Scrolls
 b - 3 scrolls of identify {unknown}
 h - a scroll of teleportation {unknown}
 l - a scroll of amnesia {unknown}
 o - a scroll of immolation {unknown}
Potions
 p - a potion of brilliance {unknown}
Comestibles
 c - 3 rations


   Skills:
 + Level 3.1 Short Blades
 - Level 2.0 Dodging
 * Level 7.7 Stealth
 - Level 2.0 Spellcasting
 - Level 3.0 Hexes
 - Level 2.1 Ice Magic


You had 3 spell levels left.
You knew the following spells:

 Your Spells              Type           Power        Failure   Level  Hunger
a - Corona                Hex            ##.....      4%          1    #......
b - Ensorcelled Hibernat  Hex/Ice        ##....       9%          2    ###....
c - Tukima's Dance        Hex            ##......     14%         3    ###....

Your spell library contained the following spells:

 Spells                   Type           Power        Failure   Level  Hunger
 Confuse                  Hex            ##......     14%         3    ###....
 Dazzling Spray           Conj/Hex       #.....       26%         3    ###....


Dungeon Overview and Level Annotations

Branches:
Dungeon (3/15)

Altars:
Kikubaaqudgha
The Shining One


Innate Abilities, Weirdness & Mutations

You cannot wear most types of armour.
You are very stealthy in the water. (Stealth+)
You are amphibious.
You can wear up to eight rings at the same time.
You can use your tentacles to constrict eight enemies at once.
Your skin changes colour to match your surroundings (Stealth+).
Your rubbery body absorbs attacks. (AC +1, EV +1)


Message History

* * * LOW HITPOINT WARNING * * *
You are more poisoned.
You barely miss the orc. You grab the orc. You squeeze the orc!
You kill the orc!
* * * LOW HITPOINT WARNING * * *
You feel sick.
* * * LOW HITPOINT WARNING * * *
You feel sick.
Items here: ))) [[[ † You hit the orc.
You grab the orc. You constrict the orc.
* * * LOW HITPOINT WARNING * * *
You feel sick.
You hit the orc.
You kill the orc!
* * * LOW HITPOINT WARNING * * *
You feel sick. Something barely misses you.
* * * LOW HITPOINT WARNING * * *
You feel sick.
You hit something. You squeeze something.
You die...

# ... # ...
# #.# # #)#
# #.# ## #.#
)# #.#
.#########
#)###
.........#
#.)@#
....†....#
###.##
.........#
#..###
.........#
##...#
......#####
###.#
##.#......##
#.#
#.#.####..#
#.#### #.#.#
##.# #....##
#.#.. #.#
####..###


There were no monsters in sight!

Vanquished Creatures
  Sigmund (D:2)
  5 adders
  2 worms (D:3)
  A dart slug (D:1)
  2 leopard geckos (D:3)
  7 orcs (D:3)
  4 giant cockroaches
  7 hobgoblins
  5 bats
  7 goblins
  7 kobolds
  A rat (D:3)
49 creatures vanquished.

Notes
Turn   | Place    | Note
-------+----------+-------------------------------------------
     0 | D:1      | iamserjio the Octopode Enchanter began the quest for the
                  | Orb.
     0 | D:1      | Reached XP level 1. HP: 11/11 MP: 3/3
    66 | D:1      | Reached XP level 2. HP: 17/17 MP: 5/5
    70 | D:1      | Learned a level 2 spell: Ensorcelled Hibernation
   185 | D:2      | Noticed Sigmund
   194 | D:2      | Killed Sigmund
   194 | D:2      | Reached skill level 6 in Stealth
   194 | D:2      | Reached XP level 3. HP: 17/21 MP: 6/6
   194 | D:2      | Reached XP level 4. HP: 22/27 MP: 7/7
   194 | D:2      | Reached XP level 5. HP: 25/31 MP: 8/8
   216 | D:2      | Reached skill level 7 in Stealth
   322 | D:2      | Found an ancient bone altar of Kikubaaqudgha.
   420 | D:2      | Found a glowing golden altar of the Shining One.
   478 | D:2      | Learned a level 3 spell: Tukima's Dance
   560 | D:3      | Reached XP level 6. HP: 35/36 MP: 9/9
   807 | D:3      | HP: 2/54 [poisoned by an orc wizard]
   810 | D:3      | Succumbed to an orc wizard's poison

Vault maps used:
D:1:      erik_arrival_cave_to_civilisation, minmay_pentomino_v2
D:2:      lemuel_blue_sif_altar, nicolae_overflow_hidden_temple, tso_metal_star,
          uniq_sigmund

Skill      XL: |  1  2  3  4  5  6 |
---------------+-------------------+-----
Short Blades   | 2 3 |  3.1
Stealth        | 6 7 |  7.7
Ice Magic      | 2 |  2.1
Dodging        | |  2.0
Spellcasting   | |  2.0
Hexes          | |  3.0

Action                   |  1- 3 |  4- 6 || total
-------------------------+-------+-------++-------
Melee: Dagger            |    24 |    88 ||   112
       Tentacles         |     8 |    17 ||    25
       Constrict         |     6 |    19 ||    25
 Cast: Ensorcelled Hiber |       |    12 ||    12
  Use: Potion            |       |     7 ||     7
 Stab: Sleeping          |     6 |    13 ||    19
Armor: Skin              |     1 |    10 ||    11
Dodge: Dodged            |    16 |    49 ||    65

Table legend:
 A = Non-vault XP
 B = Vault XP
 C = Vault XP percentage of total XP
 D = Non-vault monster count
 E = Vault monster count
 F = Vault count percentage of total count
                 A         B        C        D         E       F
            +---------+---------+-------+---------+---------+-------
      Total |     157 |     234 |  59.8 |      46 |       3 |   6.1
            +---------+---------+-------+---------+---------+-------
        D:1 |      12 |       3 |  20.0 |       7 |       2 |  22.2
        D:2 |      48 |     231 |  82.8 |      13 |       1 |   7.1
        D:3 |      97 |       0 |   0.0 |      26 |       0 |   0.0
            +---------+---------+-------+---------+---------+-------
